AoeStats
← ulles

Baltic

510385004Analyzed
4v4 RM · 3d ago on Sep 30, 2026· 37m 23s· 8 players
Game mode
Random Map
Map size
Large (8 player)
Population
200
Speed
Normal
Resources
Standard
Victory
Conquest
Starting age
Dark Age
Ending age
Imperial Age
RankedLock teamsTeams togetherTeam positionsShared explorationLock speedFull tech treeHidden civsTurbo modeCheats
Victory
Defeat
🇺🇸 Vikings · United States
1381
+10
🇺🇸 Varangians · United States
1355
+11
🇪🇸 Saxons · Spain
1333
+12
🇨🇴 Wu · Colombia
1287
+14
🇩🇪 Koreans · Germany
1306
-14
🇩🇪 Saxons · Germany
1296
-13
🇩🇪 Spanish · Germany
1232
-11
🇩🇪 Goths · Germany
1154
-9
Jazzmushroom
10:47 Feudal Age
11:19 Double-Bit Axe
14:05 Forging
14:11 Fishing Lines
16:49 Castle Age
16:42 Wheelbarrow
15:53 Loom
16:10 Gold Mining
17:57 Medium Warships
17:54 Gillnets
18:18 Bow Saw
18:59 Iron Casting
19:22 Town Watch
22:02 Hand Cart
21:46 Horse Collar
22:39 Heavy Plow
24:14 Stone Mining
25:40 Fletching
27:15 Fervor
27:33 Bodkin Arrow
33:13 Imperial Age
31:13 Scale Mail Armor
32:02 Squires
31:47 Gambesons
31:48 Arson
32:22 Chain Mail Armor
32:59 Ballistics
32:21 Treadmill Crane
33:18 Gothikon
34:01 Elite Varangian Guard
36:01 Blast Furnace
36:24 Two-Man Saw
36:01 Plate Mail Armor
absurd
11:50 Feudal Age
12:18 Loom
12:47 Double-Bit Axe
13:12 Fishing Lines
17:11 Castle Age
16:03 Fletching
18:25 Bodkin Arrow
19:06 Gillnets
19:17 Gold Mining
19:39 Bow Saw
19:17 Town Watch
20:11 Medium Warships
20:19 Stone Mining
21:18 Horse Collar
30:00 Imperial Age
28:30 Padded Archer Armor
28:52 Town Patrol
29:37 Leather Archer Armor
30:11 Fervor
30:32 Ballistics
30:45 Bracer
31:16 Ring Archer Armor
31:48 Chemistry
30:56 Bogsveigar
31:16 Conscription
30:23 Crossbowman
31:24 Arbalester
33:42 Siege Engineers
35:44 Scale Mail Armor
35:54 Forging
jaimeerp
9:13 Loom
11:24 Feudal Age
15:41 Castle Age
14:05 Fletching
14:20 Double-Bit Axe
16:42 Medium Warships
16:29 Bodkin Arrow
16:54 Bow Saw
16:36 Gold Mining
20:27 Wheelbarrow
22:00 Clinker Construction
25:06 Horse Collar
27:02 Gold Shaft Mining
27:27 Ballistics
28:19 Heavy Plow
34:08 Imperial Age
33:57 Scale Barding Armor
34:02 Forging
34:24 Bloodlines
34:14 Husbandry
35:10 Chain Barding Armor
34:54 Bracer
35:23 Heavy Warships
34:39 Fishing Lines
35:25 Carvel Hull
35:12 Siphons
36:19 Heavy Hei Guang Cavalry
Pijus Magnificus
6:39 Loom
10:11 Feudal Age
12:39 Double-Bit Axe
17:08 Town Watch
17:58 Wheelbarrow
17:34 Fishing Lines
20:39 Castle Age
19:02 Forging
18:52 Gold Mining
18:45 Horse Collar
21:51 Medium Warships
22:42 Wheelbarrow
22:55 Gillnets
25:09 Scale Mail Armor
25:41 Fortified Wall
26:55 Bow Saw
27:53 Chain Mail Armor
29:12 Squires
28:58 Gambesons
30:09 Fletching
31:00 Iron Casting
34:51 Arson
Murschann
3:12 Loom
13:02 Feudal Age
15:21 Fishing Lines
17:00 Double-Bit Axe
21:10 Castle Age
20:06 Fletching
28:46 Bodkin Arrow
29:25 Crossbowman
33:58 Man-at-Arms
34:40 Squires
34:45 Scale Mail Armor
34:40 Long Swordsman
laggysnapy
11:03 Feudal Age
10:35 Loom
11:45 Town Watch
11:47 Double-Bit Axe
16:39 Castle Age
14:47 Horse Collar
15:18 Fletching
17:52 Bow Saw
22:03 Demolition Ship
25:03 Wheelbarrow
25:07 Gold Mining
26:26 Bodkin Arrow
27:52 Medium Warships
28:55 Heavy Plow
31:10 Hand Cart
30:51 Stone Mining
34:35 Imperial Age
35:08 Scale Barding Armor
35:14 Forging
35:06 Husbandry
35:16 Bloodlines
34:59 Heavy Demolition Ship
36:40 Chain Barding Armor
35:41 Cavalier
37:21 Iron Casting
37:10 Conscription
37:26 Hoardings
ulles
10:27 Feudal Age
11:25 Double-Bit Axe
14:33 Fletching
18:19 Castle Age
18:03 Horse Collar
19:23 Medium Warships
20:45 Bodkin Arrow
25:29 Loom
27:07 Heavy Plow
29:14 Squires
29:20 Scale Mail Armor
29:36 Careening
29:49 Ballistics
30:40 Chain Mail Armor
31:41 Wheelbarrow
33:42 Forging
33:41 Gambesons
34:13 Masonry
KIV_Amir
2:35 Loom
11:07 Feudal Age
17:09 Castle Age
15:51 Double-Bit Axe
18:54 Horse Collar
25:26 Gold Mining
26:45 Bow Saw
28:03 Stone Mining
32:13 Imperial Age
30:25 Stone Shaft Mining
30:35 Wheelbarrow
32:13 Hand Cart
33:19 Anarchy
37:33 Anarchy
36:55 Elite Huskarl
Connection lost

Rejoining the realm…

Still unreachable

The connection could not be restored.

Session expired

The server has moved on; the page needs a fresh start.